AoeStats
← king.

Black Forest

508925861Analyzed
2v2 RM · 7d ago on Sep 24, 2026· 76m 3s· 4 players
Game mode
Random Map
Map size
Medium (4 player)
Population
200
Speed
Normal
Resources
Standard
Victory
Conquest
Starting age
Dark Age
Ending age
Imperial Age
RankedLock teamsTeams togetherTeam positionsShared explorationLock speedFull tech treeHidden civsTurbo modeCheats
Victory
Defeat
🇨🇱 Portuguese · Chile
852
+16
🇨🇱 Spanish · Chile
850
+16
🇹🇷 Saxons · Türkiye
872
-16
🇹🇷 Vietnamese · Türkiye
843
-16
fidelandresc
0:27 Loom
10:40 Feudal Age
11:38 Double-Bit Axe
14:08 Wheelbarrow
19:51 Castle Age
18:20 Stone Mining
19:12 Gold Mining
22:49 Bow Saw
27:02 Hand Cart
32:08 Imperial Age
29:59 Caravan
31:21 Forging
31:02 Fletching
31:13 Scale Mail Armor
32:18 Horse Collar
34:49 Chemistry
33:22 Pikeman
34:03 Squires
35:27 Two-Man Saw
34:30 Halberdier
34:55 Gambesons
35:56 Elite Skirmisher
36:42 Thumb Ring
36:43 Husbandry
36:55 Bloodlines
36:06 Cavalier
37:16 Heavy Plow
38:14 Ballistics
37:51 Murder Holes
39:50 Iron Casting
39:20 Scale Barding Armor
39:16 Padded Archer Armor
39:31 Chain Mail Armor
39:54 Conscription
43:03 Blast Furnace
42:19 Leather Archer Armor
42:24 Chain Barding Armor
42:00 Bodkin Arrow
43:49 Paladin
46:37 Plate Barding Armor
46:33 Plate Mail Armor
46:34 Ring Archer Armor
51:54 Bracer
fparrao19
0:27 Loom
12:56 Feudal Age
15:19 Wheelbarrow
18:21 Double-Bit Axe
21:32 Castle Age
19:21 Horse Collar
22:47 Hand Cart
23:43 Man-at-Arms
24:55 Long Swordsman
29:37 Bow Saw
35:32 Imperial Age
37:18 Chemistry
35:45 Elite Organ Gun
37:31 Onager
39:37 Two-Handed Swordsman
42:00 Pikeman
42:44 Halberdier
53:30 Champion
62:56 Arson
63:21 Scale Barding Armor
63:17 Scale Mail Armor
63:29 Forging
63:09 Fletching
63:20 Padded Archer Armor
65:10 Chain Mail Armor
65:16 Chain Barding Armor
76:59 Iron Casting
76:41 Leather Archer Armor
LordSNS
12:51 Feudal Age
13:47 Horse Collar
14:36 Double-Bit Axe
18:59 Gold Mining
22:07 Castle Age
22:54 Heavy Plow
23:06 Bow Saw
24:03 Scale Mail Armor
24:10 Gambesons
24:30 Squires
25:38 Caravan
26:30 Town Watch
27:28 Wheelbarrow
27:44 Arson
29:56 Town Patrol
31:30 Hand Cart
32:37 Forging
32:43 Chain Mail Armor
36:18 Imperial Age
35:07 Ballistics
35:27 Iron Casting
37:05 Loom
37:59 Gold Shaft Mining
37:12 Elite Varangian Guard
38:28 Plate Mail Armor
37:55 Shield Wall
39:41 Conscription
41:09 Chemistry
42:07 Elite Skirmisher
42:40 Cranequins
42:56 Imperial Skirmisher
43:43 Thumb Ring
43:57 Fletching
44:08 Padded Archer Armor
46:05 Guilds
46:28 Coinage
51:34 Banking
50:41 Pikeman
51:21 Halberdier
52:08 Bodkin Arrow
52:29 Leather Archer Armor
55:33 Murder Holes
56:51 Bloodlines
56:43 Husbandry
56:05 Light Cavalry
57:27 Scale Barding Armor
56:46 Hussar
59:01 Chain Barding Armor
63:21 Elite Hearth Troop
king.
13:20 Feudal Age
15:33 Double-Bit Axe
19:45 Castle Age
19:07 Stone Mining
20:50 Gold Mining
22:03 Wheelbarrow
22:56 Fortified Wall
24:14 Fletching
26:05 Caravan
33:52 Imperial Age
31:42 Hand Cart
31:55 Chatras
32:15 Bodkin Arrow
32:20 Padded Archer Armor
32:41 Bow Saw
32:00 Elite Skirmisher
35:02 Imperial Skirmisher
37:21 Elite Battle Elephant
39:57 Chemistry
39:24 Paper Money
40:09 Two-Man Saw
41:46 Leather Archer Armor
41:31 Bracer
42:40 Bracer
44:06 Horse Collar
46:00 Ballistics
45:49 Scale Barding Armor
46:09 Loom
68:17 Light Cavalry
71:41 Pikeman
Connection lost

Rejoining the realm…

Still unreachable

The connection could not be restored.

Session expired

The server has moved on; the page needs a fresh start.